 Dungeon Crawl Stone Soup version 0.22.0 (webtiles) character file.

100 IcyTea the Slasher (level 4, -3/38 HPs)
             Began as a Draconian Chaos Knight on Aug 12, 2018.
             Slain by a worker ant (5 damage)
             ... on level 4 of the Dungeon.
             The game lasted 00:04:36 (1774 turns).

IcyTea the Slasher (Draconian Chaos Knight)         Turns: 1774, Time: 00:04:36

Health: -3/38      AC:  5    Str: 15      XL:     4   Next: 47%
Magic:  4/4        EV: 12    Int: 11 (13) God:
Gold:   139        SH:  0    Dex:  8 (10) Spells: 3/3 levels left

rFire    . . .     SeeInvis .   a - +0 falchion (chaos)
rCold    + . .     Gourm    .   (no shield)
rNeg     . . .     Faith    .   (armour unavailable)
rPois    .         Spirit   .   (helmet restricted)
rElec    .         Reflect  .   (no cloak)
rCorr    .         Harm     .   (no gloves)
MR       +....                  (no boots)
Stlth    +.........             (no amulet)
HPRegen  0.12/turn              l - ring of protection from magic
MPRegen  0.09/turn              (no ring)

@: invisible
A: unfitting armour, cold resistance 1, deterioration 2, cold-blooded, AC +5
a: no special abilities


You were on level 4 of the Dungeon.
You were not hungry.

You visited 1 branch of the dungeon, and saw 4 of its levels.

You collected 139 gold pieces.

Inventory:

Hand Weapons
 a - a +0 falchion of chaos (weapon)
Jewellery
 l - a ring of protection from magic (left hand)
Wands
 o - a wand of random effects (42)
 p - a wand of scattershot (6)
Scrolls
 e - 2 scrolls of enchant armour {unknown}
 f - a scroll of noise {unknown}
 i - 4 scrolls of magic mapping {unknown}
 j - 2 scrolls of remove curse {unknown}
 m - a scroll of identify {unknown}
 n - 2 scrolls of amnesia {unknown}
 r - a scroll of enchant weapon {unknown}
Potions
 c - a potion of lignification {unknown}
 d - a potion of agility {unknown}
 g - a potion of haste {unknown}
 h - 2 potions of invisibility
 k - a potion of magic {unknown}
 s - a potion of heal wounds {unknown}
Miscellaneous
 q - a phial of floods
Comestibles
 b - 5 rations


   Skills:
 - Level 3.2 Fighting
 + Level 5.3 Long Blades
 - Level 2.1 Dodging


You had 3 spell levels left.
You didn't know any spells.
Your spell library was empty.

Dungeon Overview and Level Annotations

Branches:
Dungeon (4/15)
 Temple: D:4-7

Altars:
Ashenzari
Makhleb
Ru
Wu Jian


Innate Abilities, Weirdness & Mutations

Your plain brown scales are hard. (AC +5)
You cannot fit into any form of body armour.
You are cold-blooded and may be slowed by cold attacks.
Your flesh is cold resistant. (rC+)
Your body often deteriorates upon taking damage.


Message History

The gnoll is heavily wounded.
The worker ant bites you. The gnoll hits you with a spear.
* * * LOW HITPOINT WARNING * * *
Your body deteriorates!
You feel clumsy. The worker ant closely misses you.
You barely miss the gnoll.
Your tail-slap misses the gnoll.
The gnoll is heavily wounded.
The gnoll hits you with a spear.
* * * LOW HITPOINT WARNING * * *
The worker ant bites you.
* * * LOW HITPOINT WARNING * * *
You hit the gnoll. You burn the gnoll.
The gnoll is heavily wounded.
The gnoll hits you but does no damage. The worker ant barely misses you.
It was a potion of invisibility.
You fade into invisibility!
The gnoll closely misses you.
You riposte.
You closely miss the gnoll.
The gnoll is heavily wounded.
The worker ant bites you.
You die...

### #.#
#.# #.#
#.# ##g#
#.@# #a.#
....#
......#
%.......#
....##..#
)..# #..#
.## #..#


You could see a worker ant and a gnoll.

Vanquished Creatures
  3 gnolls
  2 adders (D:2)
  A worm (D:2)
  2 dart slugs (D:2)
  4 leopard geckos
  5 bats
  3 giant cockroaches
  3 goblins (D:1)
  6 hobgoblins
  5 kobolds
  2 frilled lizards
  7 rats
43 creatures vanquished.

Vanquished Creatures (collateral kills)
  A kobold (D:1)
1 creature vanquished.

Grand Total: 44 creatures vanquished

Notes
Turn   | Place    | Note
-------+----------+-------------------------------------------
     0 | D:1      | IcyTea the Draconian Chaos Knight began the quest for the Orb.
     0 | D:1      | Reached XP level 1. HP: 19/19 MP: 1/1
    84 | D:1      | Reached XP level 2. HP: 19/26 MP: 2/2
   124 | D:1      | Reached skill level 4 in Long Blades
   225 | D:1      | Reached XP level 3. HP: 21/31 MP: 3/3
   351 | D:1      | XOM: noise
   372 | D:1      | Fell from the grace of Xom
   640 | D:2      | Found an ornate altar of the Wu Jian Council.
   640 | D:2      | Found a burning altar of Makhleb.
   643 | D:2      | Found a sacrificial altar of Ru.
   643 | D:2      | Found a shattered altar of Ashenzari.
  1010 | D:2      | XOM: god gift: phial of floods
  1062 | D:2      | Reached skill level 5 in Long Blades
  1062 | D:2      | Reached XP level 4. HP: 8/38 MP: 4/4
  1222 | D:1      | XOM: give mutations
  1222 | D:1      | Gained mutation: You expend magic power (3 MP) to strengthen your wands. [Xom's grace]
  1222 | D:1      | Gained mutation: Your flesh is cold resistant. (rC+) [Xom's grace]
  1333 | D:2      | XOM: chaos upgrade
  1408 | D:2      | XOM: give mutations
  1408 | D:2      | Lost mutation: You expend magic power (3 MP) to strengthen your wands. [Xom's mischief]
  1408 | D:2      | Gained mutation: Your body sometimes deteriorates upon taking damage. [Xom's mischief]
  1408 | D:2      | Gained mutation: Your body often deteriorates upon taking damage. [Xom's mischief]
  1774 | D:4      | Slain by a worker ant

Skill      XL: |  1  2  3 |
---------------+----------+-----
Long Blades    | 4 5 |  5.3
Fighting       | |  3.2
Dodging        | |  2.1

Action                   |  1- 3 |  4- 6 || total
-------------------------+-------+-------++-------
Melee: Falchion          |    99 |    40 ||   139
       Tailslap          |     7 |     6 ||    13
Invok: Renounce Religion |     1 |       ||     1
  Use: Potion            |       |     1 ||     1
 Stab: Petrified         |     3 |       ||     3
  Eat: Chunk             |       |     3 ||     3
Armor: Skin              |    46 |    27 ||    73
Dodge: Dodged            |    76 |    26 ||   102
       Rpst.: Falchion   |    18 |     6 ||    24
